 Dungeon Crawl Stone Soup version 0.29.0-4-gdea44cf6ec (webtiles) character file.

Game seed: 1981350685620966826

676 qw the Shield-Bearer (level 7, 0/43 HPs)
             Began as a Gargoyle Fighter on Sept 9, 2022.
             Splashed by a jelly's acid (8 damage)
             ... on level 4 of the Dungeon.
             The game lasted 00:01:26 (3815 turns).

qw the Shield-Bearer (Gargoyle Fighter)             Turns: 3815, Time: 00:01:27

Health: 0/43       AC: -4    Str: 21    XL:     7   Next: 60%
Magic:  7/7        EV:  8    Int:  9    God:
Gold:   157        SH:  8    Dex:  9    Spells: 6/6 levels left

rFire   . . .      SeeInvis .   Y - +1 war axe
rCold   . . .      Faith    .   k - +0 kite shield
rNeg    + . .      Spirit   .   b - +0 scale mail
rPois   inf        Reflect  .   (no helmet)
rElec   +          Harm     .   (no cloak)
rCorr   .          Rampage  .   (no gloves)
Will    .....                   (no boots)
Stlth   ..........              j - amulet of the acrobat
HPRegen 0.14/turn               (no ring)
MPRegen 0.10/turn               (no ring)

@: corroded
A: sickness immunity, AC +4, negative energy resistance 1, electricity
resistance, torment resistance 1, petrification resistance
a: no special abilities


You were on level 4 of the Dungeon.
You visited 1 branch of the dungeon, and saw 4 of its levels.

You collected 157 gold pieces.


Innate Abilities, Weirdness & Mutations

You are immune to sickness and miasma.
Your stone body is resilient. (AC +4)
You are immune to poison.
You resist negative energy. (rN+)
You are resistant to electric shocks. (rElec)
You are resistant to unholy torment.
You are immune to petrification.


   Skills:
 - Level 4.0 Fighting
 + Level 5.1 Axes
 - Level 3.2 Armour
 - Level 2.6 Dodging
 - Level 5.8 Shields


You had 6 spell levels left.
You didn't know any spells.
Your spell library was empty.

Inventory:

Hand Weapons
 h - a +0 morningstar
 Y - a +1 war axe (weapon)
Missiles
 o - 2 boomerangs (quivered)
Armour
 b - a +0 scale mail (worn)
 k - a +0 kite shield (worn)
 m - a +1 hat
Jewellery
 j - an amulet of the acrobat (around neck)
Scrolls
 i - a scroll of blinking
Potions
 a - a potion of mutation {unknown}
 c - a potion of heal wounds {unknown}
 d - 3 potions of might
 e - a potion of curing {unknown}
 f - a potion of attraction {unknown}
 g - a potion of degeneration {unknown}
 l - a potion of lignification {unknown}

Dungeon Overview and Level Annotations

Branches:
Dungeon (4/15)
 Temple: D:4-7

Altars:


Message History

a +0 mace; a +0 leather armour; an iguana skeleton
There is an open door here.
You start resting.
You hear a distant slurping noise.
HP restored.
There is a stone staircase leading up here.
You hear a distant slurping noise.
m - a +1 hat A jelly comes into view.
3803 ||| Stepping ~*~*~tactically~*~*~ (stealth).
3804 ||| Stepping ~*~*~tactically~*~*~ (stealth).
The jelly quivers.
Throw: 2 boomerangs
Press: ? - help, Q - select action Shift-Dir - straight line, f - jelly You throw a boomerang.
The boomerang completely misses the jelly.
Throw: 2 boomerangs
Press: ? - help, Q - select action Shift-Dir - straight line, f/p - jelly You throw a boomerang.
The boomerang hits the jelly.
The jelly is lightly wounded.
An ogre comes into view. It is wielding a +0 giant spiked club.
3809 ||| Stepping ~*~*~tactically~*~*~ (stealth).
You hit the jelly. The acid corrodes you!
Your hands burn!
The jelly is moderately wounded.
You block the jelly's attack.
3811 ||| Stepping ~*~*~tactically~*~*~ (stealth).
You see here 13 gold pieces.
You barely miss the jelly.
The jelly is moderately wounded.
The jelly hits you.
You are splashed with acid!
You hit the jelly but do no damage.
Your hands burn!
The jelly is moderately wounded.
You block the jelly's attack. The jelly hits you.
You are splashed with acid!
You slash the jelly! The acid corrodes you!
Your hands burn!
The jelly is heavily wounded.
The jelly misses you.
You hit the jelly. The acid corrodes you!
Your hands burn!
The jelly is heavily wounded.
The jelly hits you. The acid corrodes you!
You are splashed with acid!
You die...

#...........# #..#
... #.....###.O#
#.#####)#.#O...###
#.'...'.#.........
#####..J####.#..####
'.#.......#.....#
#.#+#...#+#..#.##
....#...#...##.###
....##'#####...J@#
....##)# #.....#
#.#)#..# #.....#
'.#....# #.....#
###....# #.....#
.#.....# ##.####
.#....)# #.#
.####### #.# .# #.#


You could see a jelly.

Vanquished Creatures
  Sigmund (D:4)
  2 black bears
  An orc priest (D:3)
  3 orc wizards
  Ijyb (D:4)
  Natasha (thrice) (D:3)
  An iguana (D:4)
  An adder (D:3)
  A gnoll (D:1)
  3 dart slugs
  11 orcs
  5 ball pythons
  5 bats
  5 endoplasms
  3 giant cockroaches (D:2)
  7 goblins
  4 hobgoblins
  3 jackals (D:2)
  7 kobolds
  4 quokkas
  2 frilled lizards
  4 rats
77 creatures vanquished.

Notes
Turn   | Place    | Note
-------+----------+-------------------------------------------
     0 | D:1      | qw the Gargoyle Fighter began the quest for the Orb.
     0 | D:1      | Reached XP level 1. HP: 14/14 MP: 1/1
     0 | D:1      | 0 ||| qw: Version: 0.1-a-113-g051387a
     0 | D:1      | 0 ||| qw: Game counter: 6932
     0 | D:1      | 0 ||| qw: Always use a shield: true
     0 | D:1      | 0 ||| qw: God list: Okawaru
     0 | D:1      | 0 ||| qw: Allow faded altars: false
     0 | D:1      | 0 ||| qw: Do Orc after D:15 true
     0 | D:1      | 0 ||| qw: Do second Lair branch before Depths: true
     0 | D:1      | 0 ||| qw: Lair rune preference: random
     0 | D:1      | 0 ||| qw: Plans: Normal, Zot, God:TSO, Crypt, Tomb, Zig,
                  | Orb
     0 | D:1      | 0 ||| PLANNING D:1-11
   252 | D:1      | Found a faded altar of an unknown god.
   333 | D:1      | Reached XP level 2. HP: 19/19 MP: 2/2
   683 | D:1      | Reached skill level 3 in Axes
   683 | D:1      | Reached XP level 3. HP: 20/23 MP: 3/3
  1063 | D:1      | 1063 ||| UPGRADING to +0 kite shield.
  1073 | D:1      | 1073 ||| DROPPING +0 buckler.
  1074 | D:1      | 1074 ||| UPGRADING to amulet of the acrobat.
  1079 | D:1      | 1079 ||| READING scroll labelled EFOEJUPH ZATEZ.
  1080 | D:1      | 1080 ||| READING scroll labelled SOROUT QUMOWEME.
  1081 | D:1      | 1081 ||| READING scroll labelled HEOTTU VOCRUU.
  1082 | D:1      | 1082 ||| DRINKING 3 yellow potions.
  1083 | D:1      | 1083 ||| DROPPING 2 potions of brilliance.
  1788 | D:2      | Reached XP level 4. HP: 25/28 MP: 4/4
  2055 | D:2      | 2055 ||| Stepping ~*~*~tactically~*~*~ (hiding).
  2056 | D:2      | 2056 ||| Stepping ~*~*~tactically~*~*~ (hiding).
  2156 | D:2      | 2156 ||| DROPPING +0 whip.
  2228 | D:2      | 2228 ||| DROPPING amulet of faith.
  2229 | D:2      | 2229 ||| READING scroll labelled GIAGASA DITES.
  2230 | D:2      | 2230 ||| READING scroll labelled AQORECK COMM.
  2336 | D:3      | 2336 ||| Stepping ~*~*~tactically~*~*~ (stealth).
  2342 | D:3      | Noticed Natasha
  2346 | D:3      | Killed Natasha
  2347 | D:3      | Reached XP level 5. HP: 30/32 MP: 5/5
  2393 | D:3      | Noticed Natasha
  2394 | D:3      | 2394 ||| Stepping ~*~*~tactically~*~*~ (hiding).
  2401 | D:3      | Killed Natasha
  2555 | D:3      | Noticed Natasha
  2569 | D:3      | Killed Natasha
  2767 | D:3      | Noticed a black bear
  2776 | D:3      | Killed a black bear
  2777 | D:3      | Reached XP level 6. HP: 25/37 MP: 6/6
  3183 | D:3      | 3183 ||| Stepping ~*~*~tactically~*~*~ (stealth).
  3190 | D:3      | 3190 ||| Stepping ~*~*~tactically~*~*~ (hiding).
  3336 | D:3      | 3336 ||| READING scroll labelled WEBRAF EKETYB.
  3337 | D:3      | 3337 ||| READING 2 scrolls labelled WIVUWEENAMY.
  3338 | D:3      | 3338 ||| DROPPING scroll of magic mapping.
  3430 | D:4      | Noticed Sigmund
  3431 | D:4      | 3431 ||| FLEEEEING.
  3433 | D:4      | 3433 ||| FLEEEEING.
  3444 | D:4      | Killed Sigmund
  3445 | D:4      | Reached XP level 7. HP: 29/43 MP: 7/7
  3548 | D:4      | Noticed Ijyb
  3549 | D:4      | 3549 ||| Stepping ~*~*~tactically~*~*~ (hiding).
  3562 | D:4      | Killed Ijyb
  3627 | D:4      | 3627 ||| Stepping ~*~*~tactically~*~*~ (stealth).
  3632 | D:4      | 3632 ||| Stepping ~*~*~tactically~*~*~ (stealth).
  3642 | D:4      | 3642 ||| FLEEEEING.
  3679 | D:4      | 3679 ||| FLEEEEING.
  3680 | D:4      | 3680 ||| FLEEEEING.
  3803 | D:4      | 3803 ||| Stepping ~*~*~tactically~*~*~ (stealth).
  3804 | D:4      | 3804 ||| Stepping ~*~*~tactically~*~*~ (stealth).
  3809 | D:4      | 3809 ||| Stepping ~*~*~tactically~*~*~ (stealth).
  3811 | D:4      | 3811 ||| Stepping ~*~*~tactically~*~*~ (stealth).
  3815 | D:4      | HP: 8/43 [jelly (3)]
  3815 | D:4      | Splashed by a jelly's acid

Levels and vault maps discovered:
D:1:      tarquinn_simple_flora_water_c, layout_loops_corners,
          shapermc_ecumenical_altar_petra, minmay_crystal_room,
          chequers_mini_garden, minmay_misc_feat_enclosed, st_stairs_14
D:2:      layout_basic
D:3:      layout_basic, uniq_natasha
D:4:      nicolae_cairo_tiling_large, layout_loops_cross, trog_ov_bears_minmay,
          uniq_grinder, uniq_ijyb, uniq_sigmund

Skill      XL: |  1  2  3  4  5  6 |
---------------+-------------------+-----
Axes           | 2 3 4 5 |  5.1
Shields        | 4 5 |  5.8
Fighting       | 4 |  4.0
Dodging        | 2 |  2.6
Armour         | |  3.2

Action                   |  1- 3 |  4- 6 |  7- 9 || total
-------------------------+-------+-------+-------++-------
Melee: War axe           |    97 |   123 |    22 ||   242
Throw: Boomerang         |       |     2 |     5 ||     7
  Use: Scroll            |     3 |     4 |       ||     7
       Potion            |     1 |       |       ||     1
Armor: Scale mail        |    47 |    55 |    12 ||   114
       Skin              |       |       |     2 ||     2
Dodge: Dodged            |    44 |    48 |    14 ||   106
Block: Buckler           |    10 |       |       ||    10
       Kite shield       |    26 |    43 |    12 ||    81

Table legend:
 A = Non-vault XP
 B = Vault XP
 C = Vault XP percentage of total XP
 D = Non-vault monster count
 E = Vault monster count
 F = Vault count percentage of total count
                 A         B        C        D         E       F
            +---------+---------+-------+---------+---------+-------
      Total |     539 |     428 |  44.3 |      71 |       6 |   7.8
            +---------+---------+-------+---------+---------+-------
        D:1 |      50 |       3 |   5.7 |      18 |       2 |  10.0
        D:2 |      80 |       0 |   0.0 |      24 |       0 |   0.0
        D:3 |     372 |      35 |   8.6 |      27 |       1 |   3.6
        D:4 |      37 |     390 |  91.3 |       2 |       3 |  60.0
            +---------+---------+-------+---------+---------+-------
